 Dungeon Crawl Stone Soup version 0.29.1-2-gbd0b4ee654 (webtiles) character file.

Game seed: 8282344405301260759

2 BaabKaare the Ruffian (level 1, -4/16 HPs)
             Began as a Draconian Transmuter on Nov 9, 2022.
             Frozen to death by an endoplasm (5 damage)
             ... on level 2 of the Dungeon.
             The game lasted 00:00:29 (79 turns).

BaabKaare the Ruffian (Draconian Transmuter)          Turns: 79, Time: 00:00:30

Health: -4/16      AC:  4    Str: 12    XL:     1   Next: 33%
Magic:  2/3        EV: 12    Int: 13    God:
Gold:   0          SH:  0    Dex: 11    Spells: 3/4 levels left

rFire   . . .      SeeInvis .     - Unarmed
rCold   . . .      Faith    .   (no shield)
rNeg    . . .      Spirit   .   (body armour unavailable)
rPois   .          Reflect  .   (helmet currently unavailable)
rElec   .          Harm     .   (no cloak)
rCorr   .          Rampage  .   (no gloves)
Will    .....                   (boots currently unavailable)
Stlth   +.........              (no amulet)
HPRegen 0.05/turn               (no ring)
MPRegen 0.08/turn               (no ring)

@: appendages (expiring)
A: horns 2, talons 2, AC +4, unfitting armour, cold-blooded
a: End Transformation


You were on level 2 of the Dungeon.
You had temporarily grown beastly horns and talons.
You visited 1 branch of the dungeon, and saw 2 of its levels.

Inventory:

Hand Weapons
 d - a +0 sling
Missiles
 c - 7 stones
Potions
 a - a potion of lignification
 b - a potion of berserk rage {unknown}


   Skills:
 + Level 1.1 Fighting
 + Level 1.8 Dodging
 + Level 3.1 Unarmed Combat
 + Level 2.0 Spellcasting
 + Level 2.0 Transmutations


You had 3 spell levels left.
You knew the following spells:

 Your Spells              Type           Power      Damage    Failure   Level
a - Beastly Appendage     Tmut           12%        N/A       11%         1

Your spell library contained the following spells:

 Spells                   Type           Power      Damage    Failure   Level
 Wereblood                Tmut           6%         N/A       17%         2
 Spider Form              Tmut/Pois      3%         N/A       45%         3
 Ice Form                 Ice/Tmut       3%         N/A       86%         4


Dungeon Overview and Level Annotations

Branches:
Dungeon (2/15)

Altars:


Innate Abilities, Weirdness & Mutations

You have temporarily grown beastly horns and talons.
Your plain brown scales are hard. (AC +4)
You cannot fit into any form of body armour.
You are cold-blooded and may be slowed by cold attacks.


Message History

You can't go up here!
You feel yourself speed up.
You climb downwards.
Found 2 stones and a grey potion.
There is a stone staircase leading up here.
The endoplasm quivers.
You see here 2 stones.
Casting: Beastly Appendage (safe; 11% risk of failure)
Confirm with . or Enter, or press ? or * to list all spells.
You extend your transformation's duration.
You closely miss the adder. Your headbutt misses the adder.
The adder closely misses you.
You hit the adder.
The adder is heavily wounded.
The adder bites you.
You closely miss the adder. Your kick misses the adder.
Your headbutt misses the adder.
The adder is heavily wounded.
A jackal comes into view.
The adder bites you. The endoplasm barely misses you.
The adder completely misses you.
The jackal barks!
You hit the adder. Your headbutt misses the adder.
The adder is almost dead.
Your transformation is almost over.
The endoplasm barely misses you. The adder bites you.
You barely miss the adder. Your kick misses the adder.
The adder is almost dead.
The endoplasm hits you. The adder bites you.
* * * LOW HITPOINT WARNING * * *
You barely miss the adder. Your kick misses the adder.
The adder is almost dead.
A jackal comes into view.
The endoplasm hits you but does no damage.
The adder barely misses you. The adder attacks as you move away!
The adder bites you.
* * * LOW HITPOINT WARNING * * *
The endoplasm freezes you.
You are frozen.
You die...

# #######.#
##....<#.#
##.....@..#
#....hJS..#
.h.............
...........##..
#.!.......##
..........#
#..........
#...........
#............


You could see an adder, an endoplasm and 2 jackals.

Vanquished Creatures
  An endoplasm (D:1)
  A hobgoblin (D:1)
2 creatures vanquished.

Notes
Turn   | Place    | Note
-------+----------+-------------------------------------------
     0 | D:1      | BaabKaare the Draconian Transmuter began the quest for the
                  | Orb.
     0 | D:1      | Reached XP level 1. HP: 16/16 MP: 3/3
    79 | D:2      | Frozen to death by an endoplasm

Illustrated notes

Levels and vault maps discovered:
D:1:      giann_horns, layout_rooms, hellmonk_ecumenical_altar_leap_of_faith,
          serial_shops, nicolae_shop_trees, chequers_serial_rivers_large_a,
          dreamdust_wishing_well
D:2:      layout_rooms, serial_curves, eino_curves_03, eino_curves_01

Action                   || total
-------------------------++-------
Melee: Unarmed           ||    11
       Kick              ||     1
       Headbutt          ||     1
       Tailslap          ||     1
 Cast: Beastly Appendage ||     3
Armor: Skin              ||     1
Dodge: Dodged            ||     7
